 Dungeon Crawl Stone Soup version 0.27.1-33-g824d729ab1 (webtiles) character file.

Game seed: 5208067918164642492

21 jlumianski the Skirmisher (level 2, 0/19 HPs)
             Began as a Gargoyle Monk on Dec 13, 2021.
             Slain by a worm (10 damage)
             ... on level 1 of the Dungeon.
             The game lasted 00:03:01 (1132 turns).

jlumianski the Skirmisher (Gargoyle Monk)           Turns: 1132, Time: 00:03:01

Health: 0/19       AC:  5    Str: 14    XL:     2   Next: 83%
Magic:  2/2        EV:  9    Int: 10    God:
Gold:   51         SH:  7    Dex: 12    Spells: 1/1 levels left

rFire    . . .     SeeInvis .   a - +0 hand axe
rCold    . . .     Faith    .   f - +0 kite shield
rNeg     + . .     Spirit   .   d - +0 leather armour
rPois    ∞         Reflect  .   (no helmet)
rElec    +         Harm     .   (no cloak)
rCorr    .         Rampage  .   (no gloves)
Will     .....                  (no boots)
Stlth    ++........             (no amulet)
HPRegen  0.06/turn              (no ring)
MPRegen  0.08/turn              (no ring)

@: no status effects
A: sickness immunity, AC +2, negative energy resistance 1, electricity
resistance, torment resistance 1, petrification resistance
a: no special abilities


You were on level 1 of the Dungeon.
You visited 1 branch of the dungeon, and saw 2 of its levels.

You collected 51 gold pieces.

Inventory:

Hand Weapons
 a - a +0 hand axe (weapon)
Missiles
 c - 51 stones (quivered)
Armour
 b - a +0 robe
 d - a +0 leather armour (worn)
 f - a +0 kite shield (worn)
Scrolls
 e - a scroll of immolation {unknown}


   Skills:
 + Level 3.6 Fighting
 + Level 2.9 Axes
 + Level 0.2 Armour
 + Level 2.7 Dodging
 + Level 2.4 Stealth


You had one spell level left.
You didn't know any spells.
Your spell library was empty.

Dungeon Overview and Level Annotations

Branches:
Dungeon (2/15)

Altars:


Innate Abilities, Weirdness & Mutations

You are immune to sickness and miasma.
Your stone body is resilient. (AC +2)
You are immune to poison.
You resist negative energy. (rN+)
You are resistant to electric shocks. (rElec)
You are resistant to unholy torment.
You are immune to petrification.


Message History

The ball python constricts you.
You slash the ball python!
You kill the ball python!
There is a stone staircase leading down here.
You start resting.
HP restored.
You see here a rat skeleton.
You barely miss the worm. The worm barely misses you.
You hit the worm but do no damage. You hit the worm.
The worm is lightly wounded.
The worm bites you.
You barely miss the worm.
The worm is lightly wounded.
You block the worm's attack.
You hit the worm.
The worm is lightly wounded.
The worm bites you.
You hit the worm but do no damage.
The worm is lightly wounded.
The worm bites you but does no damage.
You hit the worm.
The worm is moderately wounded.
The worm bites you!
You hit the worm but do no damage.
The worm is lightly wounded.
The worm barely misses you.
You hit the worm.
The worm is heavily wounded.
You hit the worm but do no damage.
The worm is heavily wounded.
The worm barely misses you.
You barely miss the worm.
The worm is heavily wounded.
The worm bites you.
You hit the worm.
The worm is heavily wounded.
The worm bites you!
Ouch! That really hurt!
You die...

#.# # #.#.. # #.#.#
#.#.# #.#=# #.#.#
#.#.# ###### #.#w####
#..... ##.#@...#
###.###. #...###.#
#...# #. #.......#
#.#.###. #...##..#
##.#.....
######..#####...##.##
#....÷........#
#.######...#### #..
......## ### #######


You could see a worm.

Vanquished Creatures
  A dart slug (D:1)
  A ball python (D:1)
  An endoplasm (D:1)
  2 goblins (D:1)
  3 hobgoblins (D:1)
  3 kobolds (D:1)
  A quokka (D:1)
  A bat (D:1)
  2 frilled lizards (D:1)
  3 rats
18 creatures vanquished.

Notes
Turn   | Place    | Note
-------+----------+-------------------------------------------
     0 | D:1      | jlumianski the Gargoyle Monk began the quest for the Orb.
     0 | D:1      | Reached XP level 1. HP: 14/14 MP: 1/1
   349 | D:1      | Reached XP level 2. HP: 19/19 MP: 2/2
   556 | D:1      | Found a faded altar of an unknown god.
  1132 | D:1      | Slain by a worm

Illustrated notes

Levels and vault maps discovered:
D:1:      dpeg_arrival_simpleton_a, layout_loops_ring,
          hellmonk_ecumenical_altar_leap_of_faith,
          chequers_serial_rivers_micro_e
D:2:      layout_loops_ring

Action                   || total
-------------------------++-------
Melee: Hand axe          ||    80
Throw: Stone             ||     6
 Stab: Sleeping          ||     1
Armor: Leather armour    ||    32
       Robe              ||     4
Dodge: Dodged            ||    38
Block: Kite shield       ||    12
